 Dungeon Sprint DCSS version 0.30-a0-279-g4b46babb21 (webtiles) character file.

Game seed: 16785005257791331198

717 Low2 the Cruncher (level 7, -1/78 HPs)
             Began as an Ogre Gladiator on Oct 16, 2022.
             Was an Initiate of Sif Muna.
             Succumbed to their own poison gas
             ... in the Dungeon (Sprint I: "Red Sonja").
             The game lasted 00:08:28 (518 turns).

Low2 the Cruncher (Ogre Gladiator)                   Turns: 518, Time: 00:08:28

Health: -1/78      AC:  3    Str: 21    XL:     7   Next: 70%
Magic:  7/7        EV: 12    Int:  9    God:    Sif Muna [......]
Gold:   421        SH:  0    Dex: 10    Spells: 6/6 levels left

rFire   . . .      SeeInvis .    g - +1 scythe (protect)
rCold   . . .      Faith    .    (shield currently unavailable)
rNeg    . . .      Spirit   .    b - +0 robe
rPois   .          Reflect  .    c - +0 hat
rElec   .          Harm     .    (no cloak)
rCorr   .          Rampage  .    (gloves unavailable)
Will    .....      NoTele   +    (boots unavailable)
Stlth   ++........               (no amulet)
HPRegen 0.33/turn                (no ring)
MPRegen 0.10/turn                (no ring)

@: lethally poisoned (-1 -> -17), hasted, very quick
A: large, unfitting armour, tough skin 1
a: Renounce Religion


You were in the Dungeon.
You worshipped Sif Muna.
Sif Muna was noncommittal.
You visited 1 branch You collected 421 gold pieces.

Inventory:

Hand Weapons
 a - a +0 quarterstaff
 g - a +1 scythe of protection (weapon)
Armour
 b - a +0 robe (worn)
 c - a +0 hat (worn)
Potions
 i - 2 potions of magic
 j - a potion of berserk rage


   Skills:
 + Level 7.6 Fighting
 + Level 4.7(7.9) Polearms
 + Level 9.8(10.3) Staves
 + Level 6.9 Throwing
 + Level 8.2 Dodging
 + Level 2.5 Stealth


You had 6 spell levels left.
You didn't know any spells.
Your spell library was empty.

Dungeon Overview and Level Annotations

Branches:
Dungeon (1/1)

Altars:
Cheibriados
Dithmenos
Elyvilon
Fedhas
Gozag
Hepliaklqana
Kikubaaqudgha
Makhleb
Nemelex Xobeh
Okawaru
Qazlal
Ru
Sif Muna
Trog
Uskayaw
Vehumet
Wu Jian
Xom
Yredelemnul
Zin
The Shining One
Jiyva
Lugonu

Shops:
D :


Innate Abilities, Weirdness & Mutations

You are too large for most types of armour.
You have tough skin. (AC +1)


Message History

The hellwing hits you!
The hellwing hits you but does no damage.
The kobold demonologist begins to cast a cantrip, but forgets the words!
You completely miss the kobold demonologist.
The kobold demonologist is heavily wounded.
The hellwing completely misses you. The hellwing hits you!
The kobold demonologist hits you but does no damage.
You hit the kobold demonologist.
The kobold demonologist is severely wounded.
The hellwing closely misses you. The hellwing barely misses you.
The kobold demonologist barely misses you.
You barely miss the kobold demonologist.
The kobold demonologist is severely wounded.
The hellwing closely misses you. The hellwing hits you.
The kobold demonologist hits you with a +0 dagger.
You hit the kobold demonologist but do no damage.
The kobold demonologist is severely wounded.
The hellwing hits you! The hellwing hits you.
The kobold demonologist misses you.
You miss the kobold demonologist.
The kobold demonologist is severely wounded.
The hellwing hits you!
* * * LOW HITPOINT WARNING * * *
The hellwing misses you.
The kobold demonologist casts a spell.
Blink to where?
Press: ? - help, Dir - move target, p - white imp
As you read the scroll of blinking, it crumbles to dust.
You are engulfed in poison gas.
You are poisoned.
* * * LOW HITPOINT WARNING * * *
You feel very sick.
Okay, then.
You feel yourself speed up.
You are engulfed in poison gas.
You are lethally poisoned!
* * * LOW HITPOINT WARNING * * *
x2 You feel very sick.
* * * LOW HITPOINT WARNING * * *
You feel very sick.
You die...

##########################
#<.#..)..#..@..#__#.K'4K.#
#..'..#..'[.#.§§.5○○4#55.#
#..#####'#####○#°○#### 3.+
#..####..#...#§####$§# ##
#..#__####..##§#~~§§c#
#.)#_____##'#_§§§~~§
#⌠⌠#_.∩...'..._#§~~§c#
####_..__##_.#'##+####
#_____###+#[#


You could see an iron imp (summoned).

Vanquished Creatures
  A slime creature (D)
  Sigmund (D)
  A yak (D)
  A floating eye (D)
  An ogre (D)
  A jelly (D)
  Ijyb (D)
7 creatures vanquished.

Notes
Turn   | Place    | Note
-------+----------+-------------------------------------------
     0 | D        | Low2 the Ogre Gladiator began the quest for the Orb.
     0 | D        | Reached XP level 1. HP: 22/22 MP: 1/1
     2 | D        | Noticed Ijyb
    70 | D        | Killed Ijyb
    71 | D        | Reached skill level 4 in Staves
    71 | D        | Reached XP level 2. HP: 15/31 MP: 2/2
   135 | D        | Noticed an ogre
   142 | D        | Killed an ogre
   143 | D        | Reached skill level 6 in Staves
   143 | D        | Reached skill level 5 in Dodging
   143 | D        | Reached XP level 3. HP: 36/41 MP: 3/3
   143 | D        | Reached XP level 4. HP: 43/49 MP: 4/4
   165 | D        | Noticed Sigmund
   171 | D        | Killed Sigmund
   172 | D        | Reached skill level 8 in Staves
   172 | D        | Reached skill level 5 in Throwing
   172 | D        | Reached skill level 1 in Stealth
   172 | D        | Reached XP level 5. HP: 59/59 MP: 5/5
   172 | D        | Reached XP level 6. HP: 67/67 MP: 6/6
   189 | D        | Found an ornate altar of the Wu Jian Council.
   189 | D        | Found a shimmering blue altar of Sif Muna.
   192 | D        | Found a radiant altar of Vehumet.
   227 | D        | Found Vyilich's Book Emporium.
   227 | D        | Found an ancient bone altar of Kikubaaqudgha.
   227 | D        | Found a hazy altar of Hepliaklqana.
   227 | D        | Found a stormy altar of Qazlal.
   227 | D        | Found a hide-covered altar of Uskayaw.
   227 | D        | Found a blossoming altar of Fedhas.
   227 | D        | Found a bloodstained altar of Trog.
   227 | D        | Found an iron altar of Okawaru.
   227 | D        | Found a basalt altar of Yredelemnul.
   227 | D        | Found a glowing golden altar of the Shining One.
   227 | D        | Found a snail-covered altar of Cheibriados.
   227 | D        | Found a sacrificial altar of Ru.
   227 | D        | Found a glowing silver altar of Zin.
   227 | D        | Found a shadowy altar of Dithmenos.
   227 | D        | Found a white marble altar of Elyvilon.
   227 | D        | Noticed a yak
   233 | D        | Killed a yak
   234 | D        | Reached skill level 1 in Polearms
   234 | D        | Reached skill level 9 in Staves
   234 | D        | Found an opulent altar of Gozag.
   236 | D        | Found a sparkling altar of Nemelex Xobeh.
   306 | D        | Noticed a centaur warrior
   306 | D        | Noticed a centaur warrior
   308 | D        | Became a worshipper of Sif Muna the Loreminder
   317 | D        | Found a burning altar of Makhleb.
   317 | D        | Found a viscous altar of Jiyva.
   317 | D        | Found a shimmering altar of Xom.
   317 | D        | Found a corrupted altar of Lugonu.
   317 | D        | Noticed a slime creature
   338 | D        | Killed a slime creature
   339 | D        | Reached XP level 7. HP: 31/78 MP: 7/7
   496 | D        | Noticed a kobold demonologist
   498 | D        | Noticed a kobold demonologist
   507 | D        | Noticed a hellwing
   507 | D        | Noticed a hellwing
   509 | D        | Noticed a smoke demon
   517 | D        | HP: 2/78 [poisoned by you (poison gas)]
   518 | D        | Succumbed to their own poison gas

Illustrated notes

Levels and vault maps discovered:
D:        dungeon_sprint_1 [red_sonja_temple_1, red_sonja_temple_small_1]

Skill      XL: |  1  2  3  4  5  6  7 |
---------------+----------------------+-----
Fighting       | 3 4 6 7 |  7.6
Staves         | 4 6 8 9 |  9.8
Dodging        | 4 5 6 8 |  8.2
Throwing       | 4 5 6 |  6.9
Stealth        | 1 2 |  2.5
Polearms       | 3 4 |  4.7

Action                   |  1- 3 |  4- 6 |  7- 9 || total
-------------------------+-------+-------+-------++-------
Melee: Quarterstaff      |     8 |     4 |       ||    12
       Unarmed           |     2 |       |       ||     2
       Halberd           |       |    22 |    13 ||    35
Throw: Throwing net      |     6 |     4 |     1 ||    11
       Large rock        |     2 |     2 |     1 ||     5
Evoke: Wand              |       |       |     2 ||     2
  Use: Potion            |     2 |       |     1 ||     3
       Scroll            |       |       |     2 ||     2
 Stab: Held in net/web   |     1 |     2 |       ||     3
Armor: Robe              |     1 |     4 |     3 ||     8
Dodge: Dodged            |    19 |     7 |    12 ||    38

Table legend: (Time is in decaauts)
 A = Elapsed time spent in this place.
 B = Non-inter-level travel time spent in this place.
 C = Inter-level travel time spent in this place.
 D = Time resting spent in this place.
 E = Time spent auto-exploring this place.
 F = Levels seen in this place.
 G = Mean time per level.
                   A        B        C        D        E       F      G
               +--------+--------+--------+--------+--------+-----+--------+
         Total |    514 |    514 |      0 |    200 |      0 |   1 |  514.0 |
       Dungeon |    514 |    514 |      0 |    200 |      0 |   1 |  514.0 |
               +--------+--------+--------+--------+--------+-----+--------+

Top non-repeatable levels by time:
       D: 514 daAuts
